 Dungeon Crawl Stone Soup version 0.22.1-6-g1668fe2c40 (webtiles) character file.

44 itbchern the Shield-Bearer (level 3, 0/30 HPs)
             Began as a Formicid Fighter on Jan 26, 2019.
             Slain by a worker ant (5 damage)
             ... on level 4 of the Dungeon.
             The game lasted 00:03:17 (1613 turns).

itbchern the Shield-Bearer (Formicid Fighter)       Turns: 1613, Time: 00:03:18

Health: 0/30       AC:  6    Str: 21    XL:     3   Next: 87%
Magic:  3/3        EV:  8    Int:  7    God:
Gold:   40         SH:  9    Dex: 10    Spells: 2/2 levels left

rFire    . . .     SeeInvis +   p - +0 falchion
rCold    . . .     Gourm    .   c - +0 shield
rNeg     . . .     Faith    .   b - +0 scale mail
rPois    .         Spirit   .   (helmet unavailable)
rElec    .         Reflect  .   (no cloak)
rCorr    .         Harm     .   (no gloves)
MR       .....                  (no boots)
Stlth    ..........             (no amulet)
HPRegen  0.10/turn              (no ring)
MPRegen  0.08/turn              (no ring)

@: lethally poisoned (0 -> -17)
A: permanent stasis, dig shafts and tunnels, four strong arms, antennae 3
a: Dig, Shaft Self


You were on level 4 of the Dungeon.
You were very hungry.

You visited 1 branch of the dungeon, and saw 3 of its levels.

You collected 40 gold pieces.

Inventory:

Hand Weapons
 a - a +0 long sword
 p - a +0 falchion (weapon)
Armour
 b - a +0 scale mail (worn)
 c - a +0 shield (worn)
Jewellery
 j - an uncursed ring of see invisible {unknown}
Wands
 n - a wand of disintegration (15)
Scrolls
 h - a scroll of enchant weapon {unknown}
 i - a scroll of immolation {unknown}
Potions
 d - a potion of might
 e - a potion of cancellation {unknown}
 g - 2 potions of haste {unknown}
 k - a potion of resistance {unknown}
 l - a potion of invisibility {unknown}
 m - 2 potions of curing {unknown}
 o - a potion of mutation {unknown}
Comestibles
 f - 7 rations


   Skills:
 + Level 3.9 Fighting
 + Level 2.6 Long Blades
 + Level 3.6 Armour
 + Level 0.1 Dodging
 + Level 0.2 Stealth
 + Level 4.0 Shields


You had 2 spell levels left.
You didn't know any spells.
Your spell library was empty.

Dungeon Overview and Level Annotations

Branches:
Dungeon (2/15)

Altars:


Innate Abilities, Weirdness & Mutations

You cannot be hasted, slowed, berserked, paralysed or teleported.
You can dig through walls and to a lower floor.
Your four strong arms can wield two-handed weapons with a shield.
You have a pair of large antennae on your head. (SInv)


Message History

The worker ant is severely wounded.
You feel sick.
The worker ant bites you but does no damage.
You hit the worker ant but do no damage.
The worker ant is severely wounded.
You feel sick. The worker ant bites you.
* * * LOW HITPOINT WARNING * * *
The worker ant bites you but does no damage.
You barely miss the worker ant.
The worker ant is severely wounded.
* * * LOW HITPOINT WARNING * * *
You feel sick. The worker ant bites you.
* * * LOW HITPOINT WARNING * * *
You are more poisoned.
The worker ant poisons you!
Your shield and scale mail prevent you from hitting the worker ant.
The worker ant is severely wounded.
* * * LOW HITPOINT WARNING * * *
You feel sick. The worker ant bites you.
You die...

.. . #####. . ...
#.#.# #.#.#####.#
#....@a...#
###.#####.#
####...###
..........#
#.#.#...#.#
#.##.##.#####..# #
#...............
#.#.##.##.#####...
#.......#.#####.


You could see a worker ant.

Vanquished Creatures
  3 dart slugs (D:1)
  2 leopard geckos
  A giant cockroach (D:1)
  3 goblins (D:1)
  4 hobgoblins (D:1)
  2 jackals (D:4)
  6 kobolds
  A quokka (D:4)
  A ball python (D:1)
  2 bats
  2 frilled lizards (D:1)
  6 rats (D:1)
33 creatures vanquished.

Notes
Turn   | Place    | Note
-------+----------+-------------------------------------------
     0 | D:1      | itbchern the Formicid Fighter began the quest for the Orb.
     0 | D:1      | Reached XP level 1. HP: 18/18 MP: 1/1
    98 | D:1      | Reached XP level 2. HP: 23/24 MP: 2/2
   267 | D:1      | HP: 1/24 [poisoned by a kobold]
   663 | D:1      | Reached XP level 3. HP: 28/30 MP: 3/3
   818 | D:1      | Reached skill level 4 in Shields
  1356 | D:2      | You fall through a shaft for 2 floors!
  1613 | D:4      | Slain by a worker ant

Skill      XL: |  1  2  3 |
---------------+----------+-----
Shields        | 4 |  4.0
Fighting       | |  3.9
Long Blades    | |  2.6
Armour         | |  3.6
Dodging        | |  0.1
Stealth        | |  0.2

Action                   || total
-------------------------++-------
Melee: Long sword        ||    74
       Falchion          ||    16
  Eat: Chunk             ||     1
Armor: Scale mail        ||    21
Dodge: Dodged            ||    16
Block: Shield            ||    51
       Rpst.: Long sword ||     6
